 Dungeon Crawl Stone Soup version 0.23-a0-558-g30802b1 (webtiles) character file.

1528 Amnesiac the Slicer (level 8, -1/39 HPs)
             Began as a Spriggan Berserker on Dec 12, 2018.
             Was an Elder of Trog.
             Killed from afar by tilp's ghost (18 damage)
             ... with a puff of frost
             ... on level 6 of the Dungeon.
             The game lasted 00:12:55 (7353 turns).

Amnesiac the Slicer (Spriggan Berserker)            Turns: 7353, Time: 00:12:56

Health: -1/39      AC:  4    Str: 15    XL:     8   Next: 55%
Magic:  12/12      EV: 23    Int:  8    God:    Trog [****..]
Gold:   157        SH:  7    Dex: 16    Spells: 7/7 levels left

rFire    . . .     SeeInvis +   a - +1 short sword
rCold    . . .     Gourm    .   l - +0 buckler
rNeg     . . .     Faith    .   b - +0 animal skin
rPois    .         Spirit   .   s - +1 hat
rElec    .         Reflect  .   q - +0 cloak {MR+}
rCorr    .         Harm     .   (gloves unavailable)
MR       ++...                  (boots unavailable)
Stlth    +++.......             (no amulet)
HPRegen  0.13/turn              (no ring)
MPRegen  0.13/turn              (no ring)

@: very quick
A: very small, unfitting armour, see invisible, herbivore, speed 3, slow
metabolism 2
a: Berserk, Trog's Hand, Brothers in Arms, Renounce Religion


You were on level 6 of the Dungeon.
You worshipped Trog.
Trog was greatly pleased with you.
You were very full.

You visited 1 branch of the dungeon, and saw 6 of its levels.

You collected 312 gold pieces.
You spent 155 gold pieces at shops.

Inventory:

Hand Weapons
 a - a +1 short sword (weapon)
Armour
 b - a +0 animal skin (worn)
 l - a +0 buckler (worn)
 q - a +0 cloak of magic resistance (worn)
 s - a +1 hat (worn)
Scrolls
 c - a scroll of remove curse {!r}
 h - 5 scrolls of teleportation {!r}
 i - a scroll of fear {!r, unknown}
 j - 3 scrolls of enchant weapon {!r}
 k - a scroll of blinking {!r}
 t - a scroll of fog {!r}
Potions
 d - a potion of flight {!q, unknown}
 f - 4 potions of might {!q}
 g - 2 potions of heal wounds {!q, unknown}
 m - 2 potions of agility {!q, unknown}
 n - 2 potions of curing {!q}
 o - 2 potions of brilliance {!q}
 r - a potion of haste {!q}


   Skills:
 - Level 2.4 Fighting
 - Level 8.0 Short Blades
 - Level 8.0 Dodging
 + Level 3.8 Stealth
 + Level 3.6 Shields
   Level 5.0 Evocations


You had 7 spell levels left.
You didn't know any spells.
Your spell library was empty.

Dungeon Overview and Level Annotations

Branches:
Dungeon (6/15)             Temple (0/1) D:4

Altars:
Gozag
Hepliaklqana
Kikubaaqudgha
Makhleb
Nemelex Xobeh
Trog
Wu Jian

Shops:
D:5 [   D:6 :

Annotations:
D:4 Natasha
D:5 2 transporters, TheNamelessOne's ghost, novice OpIE
D:6 tilp's ghost, novice MfIE


Innate Abilities, Weirdness & Mutations

You are very small and have problems with some larger weapons.
You are too small for most types of armour.
You have supernaturally acute eyesight. (SInv)
You are a herbivore.
You cover ground extremely quickly.
You need to consume almost no food.


Message History

No target in view!
No target in view!
No target in view!
Prince Ribbit comes into view.
Prince Ribbit gives a loud, deep croak!
You hit Prince Ribbit.
Prince Ribbit is lightly wounded.
Prince Ribbit closely misses you.
You hit Prince Ribbit.
Prince Ribbit is lightly wounded.
Prince Ribbit hops awkwardly around.
Prince Ribbit completely misses you.
You miss Prince Ribbit.
Prince Ribbit is lightly wounded.
Prince Ribbit hits you.
You miss Prince Ribbit.
Prince Ribbit is lightly wounded.
Prince Ribbit hits you!!
Ouch! That really hurt!
* * * LOW HITPOINT WARNING * * *
You hit Prince Ribbit.
Prince Ribbit is moderately wounded.
Prince Ribbit completely misses you.
Prince Ribbit hops awkwardly around.
Prince Ribbit hops awkwardly around.
Evoke which item? (* to show all) (? for menu, Esc to quit)
Aiming: Disintegrate
Press: ? - help, Shift-Dir - straight line, f - Prince Ribbit
Aim: Prince Ribbit (moderately wounded, chance to defeat MR: 67%) Prince Ribbit is blasted.
Prince Ribbit casts a spell.
Prince Ribbit looks slightly unstable.
You closely miss Prince Ribbit.
Prince Ribbit is almost dead.
Prince Ribbit blinks!
The crimson imp misses you.
Evoke which item? (* to show all) (? for menu, Esc to quit)
Aiming: Disintegrate
Press: ? - help, Shift-Dir - straight line, f/p - Prince Ribbit
Aim: Prince Ribbit (almost dead, chance to defeat MR: 67%) Prince Ribbit is blasted.
You blow up Prince Ribbit!
Trog accepts your kill.
Trog appreciates your killing of a magic user.
Training target 8.0 for Dodging reached!
Your Dodging skill increases to level 8!
Your Stealth skill increases to level 3!
Your Evocations skill increases to level 5!
You block the crimson imp's attack.
You barely miss the crimson imp. You hit the crimson imp.
The crimson imp is moderately wounded.
You block the crimson imp's attack.
Tilp's ghost points at you and mumbles some strange words.
The puff of frost misses you.
The crimson imp blinks!
You swing at nothing.
Evoke which item? (* to show all) (? for menu, Esc to quit)
Aiming: Disintegrate
Press: ? - help, Shift-Dir - straight line, f - tilp's ghost
Aim: tilp's ghost, wielding a weapon of flaming (chance to defeat MR: 47%) Tilp's ghost is blasted.
The now-empty wand crumbles to dust.
You stop training Evocations.
Tilp's ghost casts a spell at you. The puff of frost hits you!
You die...

.......<†#...#.#.##.#
.#######.....#.#.##.#######
#..#..#.#.##........
#######..#....#.##.#######
............([............
..............###########.
#######.#.....#########
#.##.............
##.###@#########.# #..#
#.#.......#.# ### ####..#
#.#.......#.# .... #.....#
#.#.[.....'.##..# #.##.##
#.#.%.....'..#.># #.#..#
#.#.$.....'.....# #.#.##
#W#.......#..#.# #)#.#
#.#.!.....#..#.# #.#.#
#5#########....#


You could see tilp's ghost.

Vanquished Creatures
  Prince Ribbit (D:6)
  An orc warrior (D:6)
  2 ogres
  2 phantoms
  A centaur (D:5)
  A scorpion (D:4)
  A bullfrog zombie (D:5)
  2 centaur zombies
  6 hounds
  3 orc priests
  2 centaur skeletons (D:4)
  Natasha (D:4)
  An iguana (D:4)
  An orc wizard (D:6)
  3 worker ants (D:6)
  A hound skeleton (D:3)
  2 worker ant zombies (D:3)
  5 adders
  3 adder zombies
  4 adder skeletons
  2 worms (D:3)
  4 dart slugs
  2 leopard geckos (D:6)
  9 orcs
  5 bats
  8 giant cockroaches
  11 goblins
  9 hobgoblins
  3 quokkas
  4 ball pythons
  6 frilled lizards
  A giant cockroach zombie (D:5)
  7 kobolds
  A quokka skeleton (D:6)
  5 rats
120 creatures vanquished.

Notes
Turn   | Place    | Note
-------+----------+-------------------------------------------
     0 | D:1      | Amnesiac the Spriggan Berserker began the quest for the
                  | Orb.
     0 | D:1      | Reached XP level 1. HP: 11/11 MP: 2/2
   125 | D:1      | Reached XP level 2. HP: 16/16 MP: 3/3
   724 | D:1      | Reached ** piety under Trog
   759 | D:2      | Reached XP level 3. HP: 14/19 MP: 4/4
   908 | D:2      | Found an ancient bone altar of Kikubaaqudgha.
   993 | D:2      | Reached skill level 5 in Short Blades
  1292 | D:2      | Reached XP level 4. HP: 23/23 MP: 5/5
  1452 | D:2      | HP: 1/23 [poisoned by an adder]
  2122 | D:3      | Reached skill level 1 in Shields
  2363 | D:3      | Found a hazy altar of Hepliaklqana.
  2914 | D:3      | Reached XP level 5. HP: 16/27 MP: 6/6
  3183 | D:4      | Found a staircase to the Ecumenical Temple.
  3184 | D:4      | Noticed Natasha
  3195 | D:4      | Killed Natasha
  3195 | D:4      | Reached *** piety under Trog
  3231 | D:4      | Reached skill level 5 in Dodging
  3323 | D:4      | Noticed Natasha
  3460 | D:4      | Found a bloodstained altar of Trog.
  3537 | D:4      | Noticed an ogre
  3556 | D:4      | Killed an ogre
  3556 | D:4      | Reached XP level 6. HP: 32/32 MP: 7/7
  4277 | D:4      | Found a burning altar of Makhleb.
  4526 | D:4      | Found an opulent altar of Gozag.
  4527 | D:4      | Found a sparkling altar of Nemelex Xobeh.
  4551 | D:4      | HP: 1/32 [poisoned by a scorpion]
  4935 | D:4      | Reached skill level 1 in Evocations
  4935 | D:4      | Reached XP level 7. HP: 35/35 MP: 8/8
  5120 | D:5      | Entered Level 5 of the Dungeon
  5144 | D:5      | Found a transporter.
  5623 | D:5      | Found Inuoh's Armour Shoppe.
  5626 | D:5      | Bought a +0 cloak of magic resistance for 115 gold pieces
  5626 | D:5      | Bought a +0 hat for 40 gold pieces
  5640 | D:5      | Found a burning altar of Makhleb.
  5840 | D:5      | Found a transporter.
  6083 | D:5      | Noticed TheNamelessOne's ghost (novice OpIE)
  6249 | D:6      | Found a runed gate.
  6250 | D:6      | Found a runed gate.
  6251 | D:6      | Found a runed gate.
  6251 | D:6      | Noticed tilp's ghost (novice MfIE)
  6251 | D:6      | Noticed a manticore
  6798 | D:6      | Reached XP level 8. HP: 39/39 MP: 11/11
  6833 | D:6      | Found an ornate altar of the Wu Jian Council.
  6947 | D:6      | Reached skill level 1 in Stealth
  7060 | D:6      | Found Taydur's Book Shoppe.
  7080 | D:6      | Reached **** piety under Trog
  7323 | D:6      | Noticed Prince Ribbit
  7339 | D:6      | Killed Prince Ribbit
  7339 | D:6      | Reached skill level 5 in Evocations
  7353 | D:6      | Killed from afar by tilp's ghost

Vault maps used:
D:1:      shiori_arrival_oz
D:2:      old_standard_altar, first_ration, roderic_roman_lattice
D:3:      lemuel_coloured_pillars_altar, serial_undead, serial_undead_e,
          serial_undead_a, serial_undead_d, serial_undead_d
D:4:      grunt_temple_overflow_opulence, nicolae_overflow_crystal_walls,
          kennysheep_little_box, minmay_temple_entry_wispy,
          kennysheep_generic_room_4, uniq_natasha
D:5:      gammafunk_ghost_stat_death, serial_shops, nicolae_shop_behind_doors,
          makhleb_heckhound_becter
D:6:      overflow_temple_1_default, gammafunk_ghost_split, serial_shops,
          nicolae_shop_stone, hangedman_decor_push, minmay_checkerbox,
          uniq_prince_ribbit1

Skill      XL: |  1  2  3  4  5  6  7  8 |
---------------+-------------------------+-----
Short Blades   | 4 5 6 7 8 |  8.0
Shields        | 1 2 3 |  3.6
Dodging        | 5 7 8 |  8.0
Evocations     | 1 3 5 |  5.0
Stealth        | 3 |  3.8
Fighting       | |  2.4

Action                   |  1- 3 |  4- 6 |  7- 9 || total
-------------------------+-------+-------+-------++-------
Melee: Short sword       |   142 |   350 |   243 ||   735
Invok: Berserk           |     1 |     4 |     4 ||     9
Evoke: Wand              |       |       |     5 ||     5
  Use: Scroll            |       |     6 |     7 ||    13
       Potion            |       |     1 |     3 ||     4
 Stab: Sleeping          |     3 |     2 |     2 ||     7
  Eat: Ration            |       |     5 |     5 ||    10
Armor: Animal skin       |     7 |    10 |     7 ||    24
Dodge: Dodged            |    67 |   166 |   141 ||   374
Block: Buckler           |     9 |    59 |    33 ||   101

Table legend:
 A = Non-vault XP
 B = Vault XP
 C = Vault XP percentage of total XP
 D = Non-vault monster count
 E = Vault monster count
 F = Vault count percentage of total count
                 A         B        C        D         E       F
            +---------+---------+-------+---------+---------+-------
      Total |    1590 |     593 |  27.2 |     106 |      14 |  11.7
            +---------+---------+-------+---------+---------+-------
        D:1 |      34 |       4 |  10.5 |      19 |       2 |   9.5
        D:2 |      88 |       0 |   0.0 |      23 |       0 |   0.0
        D:3 |      44 |      67 |  60.4 |      19 |       6 |  24.0
        D:4 |     541 |      70 |  11.5 |      17 |       2 |  10.5
        D:5 |     256 |      43 |  14.4 |       9 |       1 |  10.0
        D:6 |     627 |     409 |  39.5 |      19 |       3 |  13.6
            +---------+---------+-------+---------+---------+-------
